 Dungeon Crawl Stone Soup version 0.20.0-10-g0535bb4 (webtiles) character file.

145 McKennaii the Skirmisher (level 5, 0/41 HPs)
             Began as a Demonspawn Fighter on June 5, 2017.
             Killed from afar by Sigmund (3 damage)
             ... with a magic dart
             ... on level 2 of the Dungeon.
             The game lasted 00:03:29 (2228 turns).

McKennaii the Skirmisher (Demonspawn Fighter)       Turns: 2228, Time: 00:03:29

Health: 0/41       AC:  6    Str: 16    XL:     5   Next: 6%
Magic:  5/5        EV:  7    Int:  9    God:
Gold:   94         SH:  0    Dex: 14    Spells: 4/4 levels left

rFire    . . .     SeeInvis .   a - +0 long sword
rCold    . . .     Gourm    .   c - +0 shield
rNeg     . . .     Faith    .   b - +0 scale mail
rPois    .         Spirit   .   (helmet restricted)
rElec    .         Reflect  .   (no cloak)
rCorr    .         Harm     .   (no gloves)
MR       .....                  (no boots)
Stlth    ..........             (no amulet)
Regen    0.2/turn               (no ring)
MPRegen  0.1/turn               (no ring)

@: confused
A: antennae 1, powered by pain 1
a: no special abilities


You were on level 2 of the Dungeon.
You were near starving.

You visited 1 branch of the dungeon, and saw 3 of its levels.

You collected 94 gold pieces.

Inventory:

Hand Weapons
 a - a +0 long sword (weapon)
 k - a +0 long sword of slicing
Armour
 b - a +0 scale mail (worn)
 c - a +0 shield (worn)
Scrolls
 e - 2 scrolls of amnesia {unknown}
 i - a scroll of teleportation {unknown}
Potions
 d - a potion of might
 g - a potion of lignification
 j - a potion of resistance
 l - a potion of curing {unknown}
Comestibles
 f - 2 bread rations
 h - 4 meat rations


   Skills:
 + Level 3.5 Fighting
 + Level 2.9 Long Blades
 + Level 3.4 Armour
 + Level 0.6 Dodging
 + Level 3.5 Shields


You had 4 spell levels left.
You didn't know any spells.

Dungeon Overview and Level Annotations

Branches:
Dungeon (3/15)

Altars:

Annotations:
D:2 Sigmund
D:3 McKennaii's ghost, amateur DsFi


Innate Abilities, Weirdness & Mutations

You have a pair of small antennae on your head.
You sometimes gain a little power by taking damage.


Message History

Sigmund hits you with a scythe!
You're too confused to move!
Sigmund casts a spell at you. The puff of flame hits you!
You bump into the rock wall.
Sigmund points at you and mumbles some strange words.
The magic dart hits you!
You closely miss Sigmund.
Sigmund is moderately wounded.
Sigmund gestures at you while chanting.
You are more confused.
You miss Sigmund.
Sigmund is moderately wounded.
Sigmund barely misses you.
You're too confused to move!
Sigmund hits you with a scythe!
* * * LOW HITPOINT WARNING * * *
You bump into the rock wall.
Sigmund gestures at you while chanting. The magic dart hits you!
You die...

.# #.#
.#############.#
.##............##
........#####...##
.##.###.# #.....#
.##.# #.# ###...##
.##.# #.# #.....#
###.# #.#
#.###.#####...
###.###.# #.
#.@.......
...)....# #
#@#####.#.
.......## .wS#
.#####.# #..... .#
#.# #...... .#
#.###..<..... .#
#...+........
.#####.###.........
.......#


You could see Sigmund, a worm and an adder.

Vanquished Creatures
  Jessica (D:2)
  A gnoll (D:1)
  5 adders
  2 oozes
  A dart slug (D:3)
  4 leopard geckos
  15 bats
  4 goblins
  3 hobgoblins
  A quokka (D:2)
  4 frilled lizards
  5 kobolds
  9 rats
55 creatures vanquished.

Notes
Turn   | Place    | Note
-------+----------+-------------------------------------------
     0 | D:1      | McKennaii the Demonspawn Fighter began the quest for the Orb.
     0 | D:1      | Reached XP level 1. HP: 18/18 MP: 1/1
    65 | D:1      | Gained mutation: You have a pair of small antennae on your head. [demonic ancestry]
    65 | D:1      | Reached XP level 2. HP: 10/24 MP: 2/2
   506 | D:1      | Reached XP level 3. HP: 22/29 MP: 3/3
  1176 | D:2      | Noticed Jessica
  1194 | D:2      | Killed Jessica
  1194 | D:2      | Gained mutation: You sometimes gain a little power by taking damage. [demonic ancestry]
  1194 | D:2      | Reached XP level 4. HP: 35/35 MP: 4/4
  1418 | D:2      | You fall through a shaft!
  1861 | D:3      | Reached XP level 5. HP: 39/41 MP: 5/5
  1883 | D:3      | Noticed McKennaii's ghost (amateur DsFi)
  2212 | D:2      | Noticed Sigmund
  2226 | D:2      | HP: 2/41 [Sigmund/scythe (14)]
  2228 | D:2      | Killed from afar by Sigmund

Skill      XL: |  1  2  3 |
---------------+----------+-----
Shields        | 3 |  3.5
Long Blades    | 2 |  2.9
Armour         | 3 |  3.4
Fighting       | |  3.5
Dodging        | |  0.6

Action                   |  1- 3 |  4- 6 || total
-------------------------+-------+-------++-------
Melee: Long sword        |   101 |    97 ||   198
  Use: Potion            |       |     1 ||     1
  Eat: Chunk             |       |     3 ||     3
Armor: Scale mail        |    64 |   114 ||   178
       Skin              |       |     1 ||     1
Dodge: Dodged            |    28 |    76 ||   104
Block: Shield            |    62 |   142 ||   204
       Rpst.: Long sword |    11 |    18 ||    29
